 Dungeon Crawl Stone Soup version 0.22-a0-570-g58866f5 (webtiles) character file.

29 iamserjio the Shield-Bearer (level 3, -1/23 HPs)
             Began as a Gargoyle Fighter on June 30, 2018.
             Slain by an orc
             ... wielding a +0 flail
              (5 damage)
             ... on level 2 of the Dungeon.
             The game lasted 00:01:49 (292 turns).

iamserjio the Shield-Bearer (Gargoyle Fighter)       Turns: 292, Time: 00:01:50

Health: -1/23      AC: 12    Str: 24    XL:     3   Next: 16%
Magic:  3/3        EV:  5    Int:  8    God:
Gold:   37         SH:  9    Dex: 10    Spells: 2/2 levels left

rFire    . . .     SeeInvis .   a - +0 war axe
rCold    . . .     Gourm    .   c - +0 shield
rNeg     + . .     Faith    .   e - +0 chain mail
rPois    ∞         Spirit   .   (no helmet)
rElec    +         Reflect  .   (no cloak)
rCorr    .         Harm     .   (no gloves)
MR       .....                  (no boots)
Stlth    ..........             (no amulet)
HPRegen  0.07/turn              (no ring)
MPRegen  0.08/turn              (no ring)

@: mighty
A: negative energy resistance 1, electricity resistance, unbreathing,
petrification resistance, rot immunity, AC +3
a: no special abilities


You were on level 2 of the Dungeon.
You were not hungry.

You visited 1 branch of the dungeon, and saw 2 of its levels.

You collected 37 gold pieces.

Inventory:

Hand Weapons
 a - a +0 war axe (weapon)
Armour
 b - a +0 scale mail
 c - a +0 shield (worn)
 e - a +0 chain mail (worn)
Scrolls
 g - a scroll of enchant armour {unknown}
 h - a scroll of identify {unknown}
Comestibles
 f - 4 rations


   Skills:
 + Level 3.6 Fighting
 * Level 2.4 Axes
 + Level 3.5 Armour
 + Level 3.6 Shields


You had 2 spell levels left.
You didn't know any spells.
Your spell library was empty.

Dungeon Overview and Level Annotations

Branches:
Dungeon (2/15)

Altars:


Innate Abilities, Weirdness & Mutations

You are resistant to torment.
Your stone body is resilient. (AC +3)
You are immune to poison.
You resist negative energy. (rN+)
You are resistant to electric shocks. (rElec)
You can survive without breathing.
You are immune to petrification.
You are immune to rotting.


Message History

The orc shouts!
The kobold shouts!
An orc wizard comes into view. It is wielding a dagger.
You see here a ration.
f - 4 rations (gained 1)
The orc wizard shouts!
The orc throws a tomahawk.
You block the tomahawk.
It was a potion of cancellation.
You feel magically purged.
You feel very mighty all of a sudden.
The orc throws a tomahawk.
You block the tomahawk.
A rat comes into view.
The orc wizard gestures wildly while chanting.
The orc wizard blinks!
A giant cockroach comes into view.
The rat twitches its whiskers.
The kobold hits you but does no damage.
You closely miss the kobold.
Your shield and chain mail prevent you from hitting the orc.
You block the kobold's attack. You block the orc's attack. x2
The orc hits you with a flail.
You die...

....##.#._ #...
....#...#.#.............
.........#.............#
.......................#
.................sr....#
................o......#
......................
##..............Ko.#
................@o.#
................(..#
..#............(...# .
##.†.............#
#...............#
#.####....†.....#
####†####....†.....#
...........(..<....#
.....###.#.........#


You could see an orc wizard, 2 orcs, a giant cockroach, a kobold and a rat.

Vanquished Creatures
  An adder (D:2)
  A worm (D:2)
  A giant cockroach (D:2)
  2 goblins
  2 hobgoblins
  3 jackals (D:2)
  2 quokkas (D:2)
  3 rats
15 creatures vanquished.

Notes
Turn   | Place    | Note
-------+----------+-------------------------------------------
     0 | D:1      | iamserjio the Gargoyle Fighter began the quest for the Orb.
     0 | D:1      | Reached XP level 1. HP: 14/14 MP: 1/1
   120 | D:2      | Reached XP level 2. HP: 13/19 MP: 2/2
   207 | D:2      | Found a faded altar of an unknown god.
   242 | D:1      | Reached XP level 3. HP: 10/23 MP: 3/3
   292 | D:2      | Slain by an orc

Vault maps used:
D:1:      dpeg_arrival_signposts
D:2:      serial_corexii_hall, corexii_hall_statues_i, corexii_hall_statues_l,
          chequers_ecumenical_altar_simple_redux

Skill      XL: |  1 |
---------------+----+-----
Axes           | 2 |  2.4
Fighting       | |  3.6
Armour         | |  3.5
Shields        | |  3.6

Action                   || total
-------------------------++-------
Melee: War axe           ||    93
  Use: Potion            ||     2
Armor: Scale mail        ||     8
       Chain mail        ||    55
Dodge: Dodged            ||    19
Block: Shield            ||    66

Table legend:
 A = Spawn XP
 B = Non-spawn XP
 C = Spawn XP percentage of total XP
 D = Spawn monster count
 E = Non-spawn monster count
 F = Spawn count percentage of total count
 G = Total turns spent on level
                    A         B        C        D         E        F      G
               +---------+---------+-------+---------+---------+-------+---------
         Total |       0 |      42 |   0.0 |       0 |      15 |   0.0 |   292
               +---------+---------+-------+---------+---------+-------+---------
           D:1 |       0 |       5 |   0.0 |       0 |       3 |   0.0 |   131
           D:2 |       0 |      37 |   0.0 |       0 |      12 |   0.0 |   161
               +---------+---------+-------+---------+---------+-------+---------
